 Dungeon Crawl Stone Soup version 0.26.0-10-g1f06aea511 (webtiles) character file.

Game seed: 13346476555505313628

20002 Arthanis the Arsonist (level 12, -1/62 HPs)
             Began as a Deep Elf Fire Elementalist on Jan 17, 2021.
             Was an Elder of Vehumet.
             Hit by a silver javelin thrown by a minotaur (7 damage)
             ... in a Gauntlet.
             The game lasted 00:32:55 (16052 turns).

Arthanis the Arsonist (Deep Elf Fire Elementalist) Turns: 16052, Time: 00:32:56

Health: -1/62      AC:  8    Str: 10    XL:     12   Next: 41%
Magic:  6/30       EV: 16    Int: 26    God:    Vehumet [****..]
Gold:   61         SH:  5    Dex: 15    Spells: 4/36 levels left

rFire    + . .     SeeInvis .   w - +4 hand axe "Joalom" {elec, *Rage +Rage rN++ Will+}
rCold    + . .     Faith    .   (no shield)
rNeg     + + .     Spirit   .   K - +1 robe {rC+ rF+}
rPois    .         Reflect  +   R - +2 helmet "Gionnen" {Str+5}
rElec    .         Harm     .   s - +0 cloak
rCorr    .         Rampage  .   (no gloves)
Will     ++...     Rnd*Rage +   v - +0 pair of boots Stlth +++.......NoTele +
                                o - amulet of reflection
HPRegen  0.20/turn              A - ring of stealth
MPRegen  0.22/turn              (no ring)

@: hasted (expiring), very quick
A: no striking features
a: Renounce Religion, Evoke Berserk Rage


You were in a Gauntlet.
You worshipped Vehumet.
Vehumet was greatly pleased with you.
You visited 2 branches of the dungeon, and saw 13 of its levels.
You also visited: Bailey and Gauntlet.

You collected 1105 gold pieces.
You spent 1044 gold pieces at shops.

Inventory:

Hand Weapons
 d - a +4 scimitar of flaming
 w - the +4 hand axe "Joalom" (weapon) {elec, *Rage +Rage rN++ Will+}
   (You found it on level 4 of the Dungeon)

   Occasionally, upon striking a foe, it can discharge electrical energy and
   cause terrible harm.
   It greatly protects you from negative energy.
   It affects your willpower, your defense against some magical effects.
   It lets you go berserk.
   It may make you go berserk in combat.
 C - the +2 trident "Notwint" {vorpal, *Corrode rC++}
   (You found it on level 5 of the Dungeon)

   It inflicts extra damage upon your enemies.
   It greatly protects you from cold.
   It may corrode you when you take damage.
 Q - the +1 morningstar of Makhleb's Supremacy {vorpal, Str+6}
   (You found it on level 9 of the Dungeon)

   It inflicts extra damage upon your enemies.
   It affects your strength (+6).
Missiles
 D - 4 throwing nets
Armour
 s - a +0 cloak (worn)
 v - a +0 pair of boots (worn)
 K - a +1 robe of resistance (worn)
 L - a +2 hat
 R - the +2 helmet "Gionnen" (worn) {Str+5}
   (You found it in a Gauntlet)

   It affects your strength (+5).
Magical Staves
 I - an uncursed staff of cold
Jewellery
 n - an uncursed ring of ice
 o - an amulet of reflection (around neck)
 A - a ring of stealth (left hand)
 E - an uncursed amulet of regeneration
 O - an uncursed ring of ice
Wands
 g - a wand of acid (6)
 h - a wand of polymorph (9)
 x - a wand of digging (3)
 y - a wand of iceblast (1)
Scrolls
 b - 3 scrolls of immolation
 e - 6 scrolls of enchant armour
 f - 4 scrolls of blinking
 j - 8 scrolls of magic mapping
 p - a scroll of enchant weapon {unknown}
 t - 10 scrolls of teleportation
 B - 3 scrolls of fear
 G - a scroll of acquirement {unknown}
 H - 4 scrolls of remove curse
 P - a scroll of vulnerability {unknown}
Potions
 a - a potion of degeneration {unknown}
 c - 2 potions of lignification {unknown}
 i - 4 potions of flight {unknown}
 k - a potion of ambrosia {unknown}
 l - 2 potions of magic {unknown}
 m - 2 potions of cancellation {unknown}
 q - 5 potions of curing
 r - 4 potions of berserk rage {unknown}
 u - 4 potions of heal wounds {unknown}
 z - 3 potions of attraction {unknown}
 F - 3 potions of might {unknown}
 J - 2 potions of mutation {unknown}
 M - a potion of resistance {unknown}
 N - 2 potions of haste


   Skills:
 - Level 2.0 Fighting
 - Level 6.0 Dodging
 - Level 3.0 Stealth
 + Level 12.7 Spellcasting
 + Level 10.8 Conjurations
 * Level 14.9 Fire Magic
 - Level 4.1 Evocations


You had 4 spell levels left.
You knew the following spells:

 Your Spells              Type           Power        Failure   Level
a - Foxfire               Conj/Fire      100%         0%          1
b - Conjure Flame         Conj/Fire      70%          1%          3
c - Sticky Flame          Conj/Fire      70%          1%          4
d - Fireball              Conj/Fire      35%          1%          5
e - Magic Dart            Conj           100%         1%          1
f - Blink                 Tloc           N/A          5%          2
g - Shock                 Conj/Air       100%         1%          1
h - Mephitic Cloud        Conj/Pois/Air  35%          1%          3
i - Orb of Destruction    Conj           32%          10%         7
j - Iskenderun's Battles  Conj           64%          1%          5

Your spell library contained the following spells:

 Spells                   Type           Power        Failure   Level
 Static Discharge         Conj/Air       44%          1%          3
 Searing Ray              Conj           100%         1%          2
 Dazzling Flash           Conj/Hex       88%          1%          3
 Inner Flame              Hex/Fire       53%          1%          3
 Fulminant Prism          Conj/Hex       22%          1%          4
 Iskenderun's Mystic Bla  Conj/Tloc      44%          1%          4
 Corona                   Hex            17%          3%          1
 Call Imp                 Summ           16%          5%          2
 Ensorcelled Hibernation  Hex/Ice        32%          5%          2
 Slow                     Hex            16%          5%          2
 Confusing Touch          Hex            16%          11%         3
 Gell's Gravitas          Tloc           8%           11%         3
 Tukima's Dance           Hex            16%          11%         3
 Petrify                  Tmut/Erth      16%          34%         4
 Bolt of Magma            Conj/Fire/Erth 28%          1%          5
 Iron Shot                Conj/Erth      22%          16%         6
 Yara's Violent Unravell  Hex/Tmut       8%           24%         5
 Spellforged Servitor     Conj/Summ      22%          58%         7
 Metabolic Englaciation   Hex/Ice        8%           67%         5


Dungeon Overview and Level Annotations

Branches:
Dungeon (12/15)            Temple (1/1) D:4            Lair (0/6) D:9
    Orc (0/2) D:11         Bailey (visited)         Gauntlet (1/1)

Altars:
Ashenzari
Cheibriados
Dithmenos
Elyvilon
Fedhas
Gozag
Hepliaklqana
Kikubaaqudgha
Makhleb
Nemelex Xobeh
Okawaru
Qazlal
Ru
Sif Muna
Trog
Uskayaw
Vehumet
Wu Jian
Xom
Yredelemnul
Zin
The Shining One

Shops:
D:5 :   D:7 (:[*   D:11 [   D:12 ?

Annotations:
Gauntlet 1 transporter


Message History

The fireball explodes!
The fireball engulfs the minotaur!
The minotaur is moderately wounded.
Your battlesphere fires!
The barrage of energy hits the minotaur.
The minotaur is heavily wounded.
Casting: Fireball (safe; 1% risk of failure)
Confirm with . or Enter, or press ? or * to list all spells.
Aiming: Fireball (safe; 1% risk of failure)
Press: ? - help, Shift-Dir - straight line, f/p - minotaur
Aim: a minotaur, wearing a +1 plate armour of cold resistance and quivering 15 silver javelins (heavily wounded)
The fireball explodes!
The fireball engulfs the minotaur!!
The minotaur is severely wounded.
Your extra speed is starting to run out.
Your battlesphere fires!
The barrage of energy hits the minotaur!
The minotaur is almost dead.
The minotaur throws a silver javelin.
The silver javelin pierces through you!!
* * * LOW HITPOINT WARNING * * *
You die...

##########...≈#
.............##########
....8.....8.####.##...
... ##..##.#.#
#...##......#.#
#...#....##.#.#
#...#.8©.##...# +#
#...#(..*##.#.##.⌠
#.8.#.8©@.(.#.H.
#...#....##H#.#
#...#.8©.##(..#
#...#....##.#.#
#...##......#.# ....
##..##.#.# .8 ##.##...#
########


You could see a minotaur and a friendly battlesphere.

Vanquished Creatures
  Gastronok (D:8)
  A great orb of eyes (Gauntlet)
  Harold (D:8)
  Erica (D:8)
  3 two-headed ogres
  2 death yaks (D:9)
  2 unseen horrors
  2 cyclopes (D:11)
  An ugly thing (Gauntlet)
  A manticore (D:11)
  Maggie (D:9)
  A komodo dragon (D:11)
  2 trolls
  Grinder (D:6)
  A hornet (D:8)
  2 meliai zombies
  Sigmund (D:6)
  A wyvern (D:10)
  14 yaks
  A fire bat (Gauntlet)
  Eustachio (D:5)
  A steam dragon (D:12)
  Menkaure (D:5)
  Edmund (D:4)
  Duvessa (D:6)
  2 water moccasins
  2 sky beasts
  7 orc warriors
  An ice beast (D:11)
  3 black bears
  An eye of draining (D:12)
  2 necrophages (D:11)
  A phantom (D:8)
  3 centaurs
  7 ogres
  Dowan (D:6)
  13 bullfrogs
  A gnoll sergeant (D:10)
  A wyvern zombie (D:11)
  A water moccasin zombie (D:6)
  2 scorpions
  3 killer bees (D:8)
  15 wights
  A crimson imp (D:7)
  2 bullfrog skeletons
  2 bullfrog zombies (D:8)
  6 orc wizards
  2 jellies
  A centaur zombie (D:4)
  4 orc priests
  6 hounds
  Natasha (D:3)
  Ijyb (D:5)
  5 iguanas
  7 worker ants
  A killer bee zombie (D:9)
  2 hound zombies (D:8)
  12 adders
  15 gnolls
  A shadow imp (D:9)
  A white imp (D:8)
  An adder skeleton (D:4)
  A worm (D:2)
  2 dart slugs
  5 leopard geckos
  24 orcs
  6 giant cockroaches
  7 goblins
  12 hobgoblins
  16 jackals
  23 kobolds
  4 quokkas
  A ball python (D:1)
  12 bats
  2 frilled lizards
  2 goblin skeletons (D:7)
  A goblin zombie (D:7)
  5 hobgoblin zombies (D:7)
  A kobold skeleton (D:7)
  A kobold zombie (D:7)
  An orc skeleton (D:7)
  An orc zombie (D:7)
  A quokka zombie (D:5)
  5 rats
315 creatures vanquished.

Vanquished Creatures (collateral kills)
  16 foxfires (D:7)
16 creatures vanquished.

Vanquished Creatures (others)
  20 demonic plants (Gauntlet)
  1171 foxfires
  2 plants
  A withered plant (D:7)
1194 creatures vanquished.

Grand Total: 1525 creatures vanquished

Notes
Turn   | Place    | Note
-------+----------+-------------------------------------------
     0 | D:1      | Arthanis the Deep Elf Fire Elementalist began the quest for
                  | the Orb.
     0 | D:1      | Reached XP level 1. HP: 10/10 MP: 6/6
   278 | D:1      | Reached XP level 2. HP: 12/15 MP: 4/8
   954 | D:1      | Reached skill level 4 in Fire Magic
  1163 | D:2      | Reached XP level 3. HP: 12/19 MP: 5/10
  1205 | D:1      | Learned a level 3 spell: Conjure Flame
  1999 | D:2      | Found a broken altar of Ashenzari.
  2004 | D:2      | Reached XP level 4. HP: 24/24 MP: 8/11
  2036 | D:2      | Saw a vision of the Swamp and the Spider Nest.
  2036 | D:2      | Noticed a redback
  2036 | D:2      | Noticed a wolf spider
  2036 | D:2      | Noticed a redback
  2036 | D:2      | Noticed a redback
  2036 | D:2      | Noticed a redback
  2036 | D:2      | Noticed a swamp drake
  2036 | D:2      | Noticed an alligator
  2036 | D:2      | Noticed a will-o-the-wisp
  2036 | D:2      | Noticed a swamp drake
  2036 | D:2      | Noticed a will-o-the-wisp
  2036 | D:2      | Noticed a goliath frog
  2042 | D:2      | Learned a level 4 spell: Sticky Flame
  2042 | D:2      | Noticed a swamp drake
  2043 | D:2      | Noticed a redback
  3032 | D:3      | Noticed Natasha
  3041 | D:3      | Killed Natasha
  3131 | D:3      | Reached skill level 5 in Fire Magic
  3312 | D:3      | Reached XP level 5. HP: 28/28 MP: 7/13
  3915 | D:4      | Learned a level 5 spell: Fireball
  4140 | D:4      | Found a staircase to the Ecumenical Temple.
  4150 | Temple   | Entered the Ecumenical Temple
  4336 | Temple   | Became a worshipper of Vehumet
  4383 | D:4      | Reached XP level 6. HP: 32/32 MP: 9/15
  4764 | D:4      | Found a white marble altar of Elyvilon.
  4782 | D:4      | Reached skill level 5 in Spellcasting
  4782 | D:4      | Reached skill level 6 in Fire Magic
  5323 | D:4      | Got a crystal hand axe
  5324 | D:4      | Identified the +4 hand axe "Joalom" {elec, *Rage +Rage rN++
                  | Will+} (You found it on level 4 of the Dungeon)
  5347 | D:5      | Entered Level 5 of the Dungeon
  5347 | D:5      | Found Keupp's Book Emporium.
  5347 | D:5      | Found a bloodstained altar of Trog.
  5415 | D:5      | Noticed Ijyb
  5424 | D:5      | Killed Ijyb
  5501 | D:5      | Noticed Menkaure
  5506 | D:5      | Killed Menkaure
  5507 | D:5      | Reached XP level 7. HP: 19/36 MP: 11/17
  5701 | D:5      | Reached skill level 7 in Fire Magic
  5804 | D:5      | Noticed Edmund
  5807 | D:5      | Noticed Eustachio
  5892 | D:4      | Killed Edmund
  5900 | D:4      | Learned a level 1 spell: Magic Dart
  5903 | D:4      | Learned a level 2 spell: Blink
  6100 | D:5      | Found Xuoll's Assorted Antiques.
  6235 | D:5      | Got a bloodstained trident
  6241 | D:5      | Identified the +2 trident "Notwint" {vorpal, *Corrode rC++}
                  | (You found it on level 5 of the Dungeon)
  6341 | D:5      | Killed Eustachio
  6342 | D:5      | Reached skill level 5 in Conjurations
  6342 | D:5      | Reached skill level 8 in Fire Magic
  6342 | D:5      | Reached XP level 8. HP: 39/41 MP: 5/20
  7119 | D:6      | Reached * piety under Vehumet
  7119 | D:6      | Offered knowledge of Shock by Vehumet.
  7125 | D:6      | Learned a level 1 spell: Shock
  7129 | D:6      | Learned a level 3 spell: Mephitic Cloud
  7304 | D:6      | Noticed Sigmund
  7313 | D:6      | Killed Sigmund
  7314 | D:6      | Reached skill level 9 in Fire Magic
  7444 | D:6      | Noticed Duvessa
  7444 | D:6      | Noticed Dowan
  7456 | D:6      | Killed Duvessa
  7466 | D:6      | Killed Dowan
  7754 | D:6      | Reached XP level 9. HP: 45/45 MP: 19/23
  7782 | D:6      | Noticed Grinder
  7788 | D:6      | Paralysed by Grinder for 5 turns
  7793 | D:6      | Killed Grinder
  7794 | D:6      | Reached skill level 10 in Fire Magic
  8238 | D:6      | Found a glowing silver altar of Zin.
  8424 | D:7      | Found an ancient bone altar of Kikubaaqudgha.
  8426 | D:7      | Found a blossoming altar of Fedhas.
  8632 | D:7      | Found a glowing golden altar of the Shining One.
  8724 | D:7      | Found Evoh's Armour Shop.
  8748 | D:7      | Found Weanu's Book Shoppe.
  8783 | D:7      | Found Juenk's Weapon Shoppe.
  8879 | D:7      | Noticed a two-headed ogre
  8893 | D:7      | Killed a two-headed ogre
  8894 | D:7      | Reached skill level 1 in Fighting
  8894 | D:7      | Reached skill level 1 in Evocations
  9158 | D:7      | Found Hory's Assorted Antiques.
  9161 | D:7      | Bought a scroll of identify for 58 gold pieces
  9161 | D:7      | Bought a glowing blue potion for 26 gold pieces
  9161 | D:7      | Bought an amethyst potion for 26 gold pieces
  9161 | D:7      | Bought a lumpy silvery potion for 26 gold pieces
  9161 | D:7      | Bought a scroll labelled YQETAPTEMA for 29 gold pieces
  9161 | D:7      | Bought a scroll labelled VOTOSI ANUMP for 29 gold pieces
  9501 | D:8      | Found an opulent altar of Gozag.
  9555 | D:8      | Reached ** piety under Vehumet
  9575 | D:8      | Offered knowledge of Freeze by Vehumet.
  9576 | D:8      | Reached skill level 11 in Fire Magic
  9662 | D:8      | Found a snail-covered altar of Cheibriados.
  9680 | D:8      | Noticed Erica
  9690 | D:8      | Killed Erica
  9691 | D:8      | Reached XP level 10. HP: 53/53 MP: 3/25
 10011 | D:8      | Noticed Harold
 10034 | D:8      | Killed Harold
 10220 | D:8      | Found a stormy altar of Qazlal.
 10359 | D:8      | Reached skill level 10 in Spellcasting
 10570 | D:8      | Noticed Gastronok
 10580 | D:8      | Killed Gastronok
 10581 | D:8      | Reached skill level 12 in Fire Magic
 10904 | D:9      | Noticed a death yak
 10904 | D:9      | Noticed a death yak
 10904 | D:9      | Noticed a death yak
 10905 | D:9      | Noticed a death yak
 10905 | D:9      | Noticed a death yak
 11061 | D:9      | Found a shimmering blue altar of Sif Muna.
 11204 | D:9      | Reached XP level 11. HP: 57/57 MP: 12/27
 11206 | D:9      | Offered knowledge of Frozen Ramparts by Vehumet.
 11485 | D:9      | Noticed a death yak
 11485 | D:9      | Noticed a death yak
 11606 | D:9      | Noticed a death yak
 11698 | D:10     | Entered Level 10 of the Dungeon
 11735 | D:10     | Reached *** piety under Vehumet
 11736 | D:10     | Reached skill level 13 in Fire Magic
 11799 | D:10     | Found a flagged portal.
 11805 | Bailey   | Entered a bailey
 11827 | Bailey   | Offered knowledge of Ignite Poison by Vehumet.
 11981 | Bailey   | Identified the +6 ring mail of Repulsion {Int+6 Dex+3}
 12195 | D:10     | Noticed a two-headed ogre
 12199 | D:10     | Killed a two-headed ogre
 12430 | D:10     | Noticed an unseen horror
 12432 | D:10     | Killed an unseen horror
 12432 | D:10     | Reached **** piety under Vehumet
 12802 | D:10     | Offered knowledge of Static Discharge by Vehumet.
 13387 | D:11     | Reached skill level 10 in Conjurations
 13428 | D:11     | Noticed a two-headed ogre
 13444 | D:11     | Killed a two-headed ogre
 13445 | D:11     | Reached skill level 14 in Fire Magic
 13684 | D:11     | Found a staircase to the Orcish Mines.
 14255 | D:11     | Reached skill level 5 in Dodging
 14256 | D:11     | Reached XP level 12. HP: 23/62 MP: 12/30
 15065 | D:11     | Found Nyigiot's Armour Emporium.
 15213 | D:7      | Bought a book of Power for 675 gold pieces
 15223 | D:7      | Learned a level 7 spell: Orb of Destruction
 15229 | D:7      | Learned a level 5 spell: Iskenderun's Battlesphere
 15352 | D:9      | Noticed Maggie
 15355 | D:9      | Killed Maggie
 15426 | D:9      | Found a staircase to the Lair.
 15433 | D:9      | Killed a death yak
 15438 | D:9      | Killed a death yak
 15514 | D:9      | Got a steaming morningstar
 15632 | D:12     | Identified the cursed +1 morningstar of Makhleb's Supremacy
                  | {vorpal, Str+6} (You found it on level 9 of the Dungeon)
 15768 | D:12     | Found Xuunayxt's Magic Scroll Emporium.
 15776 | D:12     | Bought a scroll of blinking for 82 gold pieces
 15776 | D:12     | Bought a scroll of blinking for 82 gold pieces
 15776 | D:12     | Bought a scroll of noise for 11 gold pieces
 15805 | D:12     | Found a gate leading to a gauntlet.
 15837 | Gauntlet | Entered a Gauntlet
 15837 | Gauntlet | Found a transporter.
 15850 | Gauntlet | Noticed a blizzard demon
 15880 | Gauntlet | Found a transporter.
 15888 | Gauntlet | Noticed a great orb of eyes
 15891 | Gauntlet | Found a transporter.
 15891 | Gauntlet | Found a transporter.
 15906 | Gauntlet | Killed a great orb of eyes
 15913 | Gauntlet | Noticed a hell hog
 15918 | Gauntlet | Got a scorched helmet
 15934 | Gauntlet | Identified the +2 helmet "Gionnen" {Str+5} (You found it in
                  | a Gauntlet)
 16021 | Gauntlet | Found a transporter.
 16037 | Gauntlet | Noticed a minotaur
 16052 | Gauntlet | Hit by a silver javelin thrown by a minotaur

Illustrated notes

Levels and vault maps discovered:
D:1:      sevenhm_arrival_forest_fort_large_3, layout_basic
D:2:      layout_loops_ring, grunt_ashenzari_visionary
          [grunt_ashenzari_visionary_swamp, grunt_ashenzari_visionary_spider]
D:3:      layout_basic, serial_corexii_hall, corexii_hall_statues_l,
          corexii_hall_statues_s, uniq_natasha
D:4:      layout_gridville, minmay_temple_entry_mist,
          minmay_misc_feat_secret_circle, minivault_14, minmay_ruined_shrine
D:5:      layout_cave_pools, basic_altar, serial_shops, shop,
          nicolae_shop_overgrown_old_shop, nicolae_underground_beach,
          uniq_edmund, uniq_eustachio, uniq_menkaure, uniq_ijyb
D:6:      layout_gridville, kennysheep_little_box, uniq_grinder, uniq_sigmund,
          uniq_duvessa
D:7:      layout_rooms, grunt_temple_overflow_growth_and_decay, serial_shops,
          nicolae_shop_behind_doors, nicolae_shop_stone, nicolae_shop_crystal,
          nicolae_shop_crystal, nicolae_tso_besieged_by_evil
D:8:      layout_loops_ring, general_overflow_altar, marbit_many_paths,
          lemuel_doored_altar, uniq_erica, uniq_harold, uniq_gastronok
D:9:      layout_roguey, lemuel_round_altar, dpeg_lair_monsters, uniq_maggie
D:10:     layout_roguey, enter_bailey_1
D:11:     layout_roguey, orc_0_dummy, serial_shops, kennysheep_mini
D:12:     layout_rooms, serial_shops, shop_statue, gauntlet_entry_generic,
          minmay_librarian
Temple:   regret_index_temple_generic_petals
Gauntlet: minmay_gauntlet_mixed_oops_all_seconds [minmay_gauntlet_arena_77_fan,
          nicolae_gauntlet_swirl, minmay_gauntlet_arena_77_p_blocks,
          gammafunk_gauntlet_arena_hedges, minmay_gauntlet_arena_77_shame_cube,
          nicolae_gauntlet_arena_quarters, gauntlet_exit_hidden_loot]

Skill      XL: |  1  2  3  4  5  6  7  8  9 10 11 12 |
---------------+-------------------------------------+-----
Fire Magic     | 4 5 6 8 9 11 12 14 | 14.9
Conjurations   | 2 3 4 5 6 7 9 10 | 10.8
Spellcasting   | 4 5 6 8 9 10 12 | 12.7
Fighting       | 2 |  2.0
Dodging        | 4 5 6 |  6.0
Stealth        | 3 |  3.0
Evocations     | 2 3 4 |  4.1

Action                   |  1- 3 |  4- 6 |  7- 9 | 10-12 || total
-------------------------+-------+-------+-------+-------++-------
Melee: Unarmed           |     1 |       |       |       ||     1
       Dagger            |     3 |     1 |     4 |       ||     8
       Trident           |       |       |     5 |    17 ||    22
 Cast: Foxfire           |    92 |   183 |   266 |   183 ||   724
       Sticky Flame      |       |     1 |    14 |    27 ||    42
       Conjure Flame     |       |       |     5 |    17 ||    22
       Mephitic Cloud    |       |       |     2 |     9 ||    11
       Shock             |       |       |    14 |    52 ||    66
       Fireball          |       |       |     7 |    94 ||   101
       Blink             |       |       |       |     5 ||     5
       Orb of Destructio |       |       |       |     3 ||     3
       Iskenderun's Batt |       |       |       |     1 ||     1
Evoke: Wand              |       |       |     1 |     7 ||     8
  Use: Scroll            |       |       |     9 |     4 ||    13
       Potion            |       |       |       |     3 ||     3
 Stab: Sleeping          |     3 |     1 |       |       ||     4
       Distracted        |       |       |       |     1 ||     1
Armor: Robe              |     6 |     3 |    10 |    22 ||    41
Dodge: Dodged            |    12 |    14 |    41 |    70 ||   137
Block: Other             |       |     2 |    14 |    19 ||    35
       Reflection        |       |       |       |     3 ||     3
